 Dungeon Crawl Stone Soup version 0.14.0-26-g1682e81 (webtiles) character file.

1317 Heini the Cleaver (level 8, 0/71 HPs)
             Began as a Hill Orc Fighter on Apr 26, 2014.
             Slain by an orc warrior
             ... wielding a +0,+0 scimitar
              (10 damage)
             ... on Level 6 of the Dungeon.
             The game lasted 00:13:58 (5197 turns).

Heini the Cleaver (Hill Orc Fighter)                Turns: 5197, Time: 00:13:58

HP   0/71        AC  9     Str 21      XL: 8   Next: 27%
MP   8/8         EV  6     Int  8      God:
Gold 256         SH 18     Dex 10      Spells:  0 memorised,  7 levels left

rFire  . . .     SeeInvis .     F - +0,+2 hand axe (chop)
rCold  . . .     Clarity  .     b - +1 scale mail
rNeg   . . .     Conserve .     c - +0 shield
rPois  .         rCorr    .     s - +1 hat
rElec  .         rRot     .     (no cloak)
SustAb . .       Spirit   .     (no gloves)
rMut   .         Warding  .     (no boots)
Gourm  +         Stasis   .     f - amulet of the gourmand
MR     .....                    (no ring)
                                (no ring)

@: not resistant to hostile enchantments, extremely unstealthy
A: saprovore 1
a: no special abilities


You were on level 6 of the Dungeon.
You were full.

You visited 1 branch of the dungeon, and saw 6 of its levels.

You collected 256 gold pieces.

Inventory:

Hand weapons
 a - a +0,+0 war axe
 F - a +0,+2 hand axe of chopping (weapon)
Armour
 b - a +1 scale mail (worn)
 c - a +0 shield (worn)
 s - a +1 hat (worn)
Comestibles
 d - 5 meat rations
 i - a beef jerky
 k - 7 bread rations
 m - a pear
 p - a choko
 v - 2 apples
 A - a cheese
 E - a banana
Scrolls
 h - 3 scrolls of amnesia
 o - 2 scrolls of enchant armour
 r - 2 scrolls of identify
 t - a scroll of fog {unknown}
 y - a scroll of recharging
 C - a scroll of teleportation
Jewellery
 f - an amulet of the gourmand (around neck)
 u - an uncursed amulet of stasis
 D - an uncursed ring of flight {unknown}
Potions
 e - 2 potions of might
 g - 2 potions of restore abilities {unknown}
 j - a potion of lignification {unknown}
 l - a potion of brilliance {unknown}
 n - 4 potions of curing
 q - a potion of haste {unknown}
 w - a potion of agility {unknown}
 x - a potion of heal wounds {unknown}
 z - a potion of resistance
Books
 B - a book of Wizardry

   Spells                             Type                      Level
   Summon Elemental                   Summoning                    4
   Agony                              Necromancy                   5
   Force Lance                        Conjuration                  5
   Haste                              Charms                       6
   Invisibility                       Hexes                        6
   Spellforged Servitor               Conjuration/Summoning        7


   Skills:
 * Level 6.7 Fighting
 * Level 8.0 Axes
 * Level 7.0 Armour
 - Level 0.1 Dodging
 - Level 3.4 Shields


You had 7 spell levels left.
You didn't know any spells.

Dungeon Overview and Level Annotations

Branches:
Dungeon (6/15)
 Temple: D:4-7

Altars:
Dithmenos
Elyvilon
Fedhas
Makhleb
Nemelex Xobeh
Xom
Yredelemnul


Innate Abilities, Weirdness & Mutations

You can tolerate rotten meat.


Message History

The orc warrior is moderately wounded.
The orc wizard points at you and mumbles some strange words.
You resist.
The orc warrior hits you with a scimitar!
* * * LOW HITPOINT WARNING * * *
The orc wizard hits you but does no damage.
You closely miss the orc wizard.
The orc wizard is severely wounded.
You hit the orc warrior.
The orc warrior is heavily wounded.
The orc wizard mumbles some strange words.
The orc wizard blinks!
The orc warrior hits you with a scimitar!
* * * LOW HITPOINT WARNING * * *
Drink which item? (? for menu, Esc to quit)
Okay, then.
You hit the orc warrior.
The orc warrior is severely wounded.
The orc warrior hits you with a scimitar!
You die...

# # # ######## #
#........ # #........ #
#........ # #....o.o..
######## #)#####.#
.......#######.#@....###
.............)§o....<....
.......#########......#.
.......# #..##.##
######## #...# .. ##### #


You could see an orc warrior.

Vanquished Creatures
  A centaur (D:5)
  A sky beast (D:5)
  An ogre (D:5)
  Blork the orc (D:5)
  A giant frog (D:6)
  A scorpion (D:4)
  An orc priest (D:6)
  A crimson imp (D:5)
  2 hounds
  6 orc wizards
  3 worker ants (D:5)
  Ijyb (D:2)
  An ogre skeleton (D:5)
  A hound skeleton (D:4)
  7 gnolls
  2 adders (D:3)
  A giant mite (D:2)
  3 worms
  A giant eyeball (D:5)
  2 giant geckos
  An ooze (D:3)
  27 orcs
  2 ball pythons
  A bat skeleton (D:4)
  5 giant cockroaches
  9 hobgoblins
  11 kobolds
  5 bats
  10 giant newts
  14 goblins
  6 jackals (D:2)
  15 rats
144 creatures vanquished.

Notes
Turn   | Place    | Note
--------------------------------------------------------------
     0 | D:1      | Heini, the Hill Orc Fighter, began the quest for the Orb.
     0 | D:1      | Reached XP level 1. HP: 19/19 MP: 1/1
   178 | D:1      | Reached XP level 2. HP: 27/27 MP: 2/2
   348 | D:1      | Reached skill level 4 in Fighting
   565 | D:2      | Found a burning altar of Makhleb.
   565 | D:2      | Noticed a cacodemon
   596 | D:2      | Noticed Ijyb
   633 | D:2      | Killed Ijyb
   633 | D:2      | Reached XP level 3. HP: 20/34 MP: 3/3
  1043 | D:2      | Reached XP level 4. HP: 41/41 MP: 4/4
  1082 | D:2      | HP: 2/41 [gnoll/spear (1)]
  1443 | D:2      | Reached XP level 5. HP: 44/47 MP: 5/5
  1626 | D:3      | Reached skill level 5 in Fighting
  1711 | D:3      | Found a blossoming altar of Fedhas.
  2471 | D:4      | Reached skill level 5 in Axes
  2493 | D:4      | Reached XP level 6. HP: 46/56 MP: 6/6
  2567 | D:4      | Reached skill level 5 in Armour
  2923 | D:4      | Found a sparkling altar of Nemelex Xobeh.
  2923 | D:4      | Found a shadowy altar of Dithmenos.
  2924 | D:4      | Found a white marble altar of Elyvilon.
  3296 | D:4      | Found a basalt altar of Yredelemnul.
  3360 | D:5      | Entered Level 5 of the Dungeon
  3369 | D:5      | Reached skill level 6 in Axes
  3369 | D:5      | Reached XP level 7. HP: 29/62 MP: 7/7
  3717 | D:5      | Noticed Blork the orc
  3721 | D:5      | Killed Blork the orc
  3812 | D:5      | Reached skill level 7 in Axes
  4282 | D:5      | Reached XP level 8. HP: 67/71 MP: 8/8
  4612 | D:5      | Found a shimmering altar of Xom.
  4895 | D:6      | Reached skill level 8 in Axes
  5197 | D:6      | Slain by an orc warrior

Action                   |  1- 3 |  4- 6 |  7- 9 || total
-------------------------+-------+-------+-------++-------
Melee: War axe           |    89 |   238 |   159 ||   486
       Hand axe          |       |       |    33 ||    33
Evoke: Wand              |       |     1 |       ||     1
  Use: Scroll            |     1 |    10 |       ||    11
